[Event "45th FIDE Olympiad 2024"]
[Site "Budapest"]
[Date "2024.09.19"]
[Round "8.205"]
[White "Johnson, Joshua"]
[Black "Kao, Jamison Edrich"]
[Result "1-0"]
[WhiteElo "2267"]
[BlackElo "2125"]
[PlyCount "103"]
[EventDate "2024.09.05"]
[EventType "team-tourn"]
[EventCountry "HUN"]
[WhiteTeam "Trinidad & Tobago"]
[BlackTeam "Hong Kong, China"]
[TimeControl "40/5400+30:1800+30"]

1. e4 c5 2. Nf3 Nc6 3. Nc3 g6 4. d4 cxd4 5. Nxd4 Bg7 6. Be3 Nf6 7. Bc4 O-O 8. Bb3 d5 9. exd5 Na5 10. Qd2 Nxb3 11. Nxb3 b6 12. O-O-O Bb7 13. f3 Qd7 14. d6 Qxd6 15. Qxd6 exd6 16. Rxd6 Rfd8 17. Rhd1 Rxd6 18. Rxd6 Kf8 19. Rd3 Re8 20. Bf4 Re1+ 21. Rd1 Rxd1+ 22. Kxd1 Nd5 23. Nxd5 Bxd5 24. c3 Ke7 25. Kc2 Bc4 26. Nd2 Be2 27. Bb8 Kd7 28. Bf4 h5 29. b3 Ke6 30. c4 Bd4 31. Bb8 a5 32. Bc7 Kd7 33. Bf4 Ke6 34. Ne4 Bf1 35. g3 a4 36. Kd2 f6 37. Be3 Bxe3+ 38. Kxe3 g5 39. Nd2 axb3 40. axb3 Bh3 41. Kd4 Bg2 42. Ke3 Ke5 43. Ne4 Ke6 44. Nc3 Ke5 45. Na4 b5 46. cxb5 Kd6 47. b6 Kc6 48. Nc5 Kxb6 49. Nd7+ Kb5 50. Nxf6 h4 51. g4 Kb4 52. Kf2 1-0

[Event "45th FIDE Olympiad 2024"]
[Site "Budapest"]
[Date "2024.09.19"]
[Round "8.206"]
[White "Chan, Pui Yin Brandon"]
[Black "Cabralis, Quinn"]
[Result "0-1"]
[WhiteElo "2016"]
[BlackElo "2169"]
[PlyCount "76"]
[EventDate "2024.09.05"]
[EventType "team-tourn"]
[EventCountry "HUN"]
[WhiteTeam "Hong Kong, China"]
[BlackTeam "Trinidad & Tobago"]
[TimeControl "40/5400+30:1800+30"]

1. d4 d5 2. c4 c6 3. cxd5 cxd5 4. Nc3 Nf6 5. Bf4 Nc6 6. e3 a6 7. Bd3 Bg4 8. f3 Bh5 9. Qb3 Na5 10. Qa4+ Nc6 11. Qb3 Ra7 12. g4 Bg6 13. Bxg6 hxg6 14. g5 Nh5 15. Nxd5 e6 16. Nc7+ Ke7 17. d5 Nxf4 18. dxc6 Ng2+ 19. Kf2 Qxc7 20. Kxg2 bxc6 21. Ne2 Rb7 22. Qc3 Rb5 23. f4 Qb7 24. b3 f6 25. Kf2 Kf7 26. Nd4 Rc5 27. Qd3 Rd5 28. Qe4 Qd7 29. Rag1 f5 30. Qc2 Rxd4 31. exd4 Qxd4+ 32. Ke2 Bc5 33. Rg3 Qf2+ 34. Kd1 Qxg3 35. Kc1 Qe3+ 36. Kb2 Rd8 37. Rd1 Rxd1 38. Qxd1 Qd4+ {0-} 0-1

[Event "45th FIDE Olympiad 2024"]
[Site "Budapest"]
[Date "2024.09.19"]
[Round "8.207"]
[White "Harper, Ryan"]
[Black "Chan, Wang Ip Boris"]
[Result "0-1"]
[WhiteElo "2124"]
[BlackElo "2017"]
[PlyCount "80"]
[EventDate "2024.09.05"]
[EventType "team-tourn"]
[EventCountry "HUN"]
[WhiteTeam "Trinidad & Tobago"]
[BlackTeam "Hong Kong, China"]
[TimeControl "40/5400+30:1800+30"]

1. e4 c5 2. Nf3 d6 3. d4 cxd4 4. Nxd4 Nf6 5. Nc3 a6 6. Be2 e5 7. Nb3 Be6 8. O-O Be7 9. Qd3 O-O 10. Bd2 Qc8 11. Rac1 Rd8 12. Nd5 Nxd5 13. exd5 Bf5 14. Qg3 Bf6 15. Na5 Nd7 16. b4 Re8 17. Kh1 b6 18. Nc4 Qc7 19. Ne3 Bg6 20. h4 h5 21. Nc4 a5 22. bxa5 bxa5 23. Bg5 Qc5 24. Be3 Qc7 25. a4 Nc5 26. Bxc5 Qxc5 27. Qe3 Qb4 28. g3 Rab8 29. Rb1 Qxa4 30. Nxd6 Rxb1 31. Rxb1 Rd8 32. Nc4 Rxd5 33. Rb8+ Kh7 34. Nb6 Qa1+ 35. Kh2 Rd8 36. Rb7 Qd4 37. Nd7 Rxd7 38. Qxd4 Rxd4 39. Bf3 Rd2 40. Kg2 e4 {0-} 0-1

[Event "45th FIDE Olympiad 2024"]
[Site "Budapest"]
[Date "2024.09.19"]
[Round "8.208"]
[White "Li, Yiheng"]
[Black "McIntosh, Isaiah"]
[Result "1/2-1/2"]
[WhiteElo "1893"]
[BlackElo "2249"]
[PlyCount "94"]
[EventDate "2024.09.05"]
[EventType "team-tourn"]
[EventCountry "HUN"]
[WhiteTeam "Hong Kong, China"]
[BlackTeam "Trinidad & Tobago"]
[TimeControl "40/5400+30:1800+30"]

1. e4 e5 2. Nf3 Nc6 3. Bc4 Bc5 4. c3 Nf6 5. d3 d6 6. O-O a5 7. Re1 h6 8. Nbd2 O-O 9. h3 Be6 10. Bb5 Nd7 11. Nf1 d5 12. exd5 Bxd5 13. Be3 Bd6 14. d4 exd4 15. Nxd4 Nxd4 16. Qxd4 c6 17. Be2 Re8 18. Qd2 Qf6 19. Ng3 Nc5 20. c4 Ne4 21. Nxe4 Bxe4 22. Bd4 Qg6 23. f3 Bb4 24. Bc3 Bf5 25. Bxb4 Rad8 26. Qf4 axb4 27. Kh2 Qf6 28. Bf1 Rxe1 29. Rxe1 Qd6 30. Qxd6 Rxd6 31. Re8+ Kh7 32. Re7 Rd1 33. Rxf7 Kg6 34. Rxb7 Rxf1 35. Rxb4 Rc1 36. b3 Ra1 37. Rb6 Bd7 38. Rb7 Be8 39. Re7 Bf7 40. Rc7 Be8 41. Re7 Bf7 42. Rc7 Rxa2 43. Rxc6+ Kh7 44. Rb6 Rb2 45. Rb5 Be8 46. Rb4 Bg6 47. c5 Rc2 1/2-1/2

[Event "45th FIDE Olympiad 2024"]
[Site "Budapest"]
[Date "2024.09.19"]
[Round "8.209"]
[White "El Jawich, Amro"]
[Black "Pg, Md Omar Ak Hafizon"]
[Result "1-0"]
[WhiteElo "2296"]
[BlackElo "2159"]
[PlyCount "103"]
[EventDate "2024.09.05"]
[EventType "team-tourn"]
[EventCountry "HUN"]
[WhiteTeam "Lebanon"]
[BlackTeam "Brunei Darussalam"]
[WhiteTeamCountry "LBN"]
[TimeControl "40/5400+30:1800+30"]

1. e4 c5 2. Nc3 Nc6 3. f4 a6 4. Nf3 b5 5. d3 e6 6. Be2 d5 7. O-O b4 8. Na4 Nf6 9. e5 Nd7 10. Be3 Be7 11. Qe1 Bb7 12. Qg3 g6 13. b3 d4 14. Bc1 Na7 15. Nd2 Nb5 16. Bf3 Qc7 17. Bxb7 Qxb7 18. Nc4 Nc3 19. Nxc3 bxc3 20. f5 Nb6 21. fxe6 fxe6 22. Bg5 Nxc4 23. bxc4 Rf8 24. Rxf8+ Kxf8 25. Bxe7+ Kxe7 26. Qg5+ Kf8 27. Qf6+ Kg8 28. Qxe6+ Qf7 29. Qd5 Qxd5 30. cxd5 Rd8 31. d6 Kf7 32. Kf2 Ke6 33. Re1 Rf8+ 34. Kg3 Rb8 35. Re2 a5 36. Kf4 Rf8+ 37. Ke4 g5 38. g3 Rf7 39. a4 g4 40. d7 Rxd7 41. Rf2 Ke7 42. Rf4 h5 43. Rf5 Rb7 44. Kd5 Rb2 45. Rf2 Rb4 46. e6 Rb2 47. Rf7+ Ke8 48. Rc7 Rxc2 49. Kd6 Kf8 50. Rxc5 Re2 51. Rc8+ Kg7 52. e7 1-0

[Event "45th FIDE Olympiad 2024"]
[Site "Budapest"]
[Date "2024.09.19"]
[Round "8.210"]
[White "Yee, Soon Wei"]
[Black "Arkadan, Adib"]
[Result "0-1"]
[WhiteElo "2219"]
[BlackElo "2181"]
[PlyCount "72"]
[EventDate "2024.09.05"]
[EventType "team-tourn"]
[EventCountry "HUN"]
[WhiteTeam "Brunei Darussalam"]
[BlackTeam "Lebanon"]
[BlackTeamCountry "LBN"]
[TimeControl "40/5400+30:1800+30"]

1. e4 d6 2. d4 Nf6 3. Nc3 e5 4. Nf3 Nbd7 5. Bc4 Be7 6. a4 O-O 7. h3 c6 8. Ba2 Qc7 9. O-O h6 10. Re1 Re8 11. Be3 Nf8 12. dxe5 dxe5 13. Nh4 Ne6 14. Nf5 Bc5 15. Bxe6 Bxe3 16. Bxc8 Bc5 17. Qf3 Raxc8 18. Nxh6+ Kh7 19. Nf5 g6 20. Rad1 Re6 21. Ne3 Kg7 22. Ne2 Rh8 23. Ng3 Kf8 24. Rd3 Rh4 25. Ng4 Nxg4 26. hxg4 Kg7 27. Qd1 Rf6 28. Rf3 Rf4 29. g5 Rxf3 30. gxf3 Qc8 31. Kf1 Qh3+ 32. Ke2 Bxf2 33. Qd6 Bxe1 34. Qxe5+ Kh7 35. Kxe1 Qg2 36. a5 Qxf3 {0-} 0-1

[Event "45th FIDE Olympiad 2024"]
[Site "Budapest"]
[Date "2024.09.19"]
[Round "8.211"]
[White "Assaad, Joe"]
[Black "Lim Teck Guan, Rodney"]
[Result "1-0"]
[WhiteElo "2150"]
[BlackElo "1931"]
[PlyCount "53"]
[EventDate "2024.09.05"]
[EventType "team-tourn"]
[EventCountry "HUN"]
[WhiteTeam "Lebanon"]
[BlackTeam "Brunei Darussalam"]
[WhiteTeamCountry "LBN"]
[TimeControl "40/5400+30:1800+30"]

1. e4 c6 2. d4 d5 3. e5 Bf5 4. Nd2 e6 5. Nb3 Nd7 6. Be3 Rc8 7. f4 a6 8. Nf3 c5 9. dxc5 Bxc5 10. Nfd4 Nh6 11. Be2 O-O 12. O-O f6 13. exf6 Qxf6 14. g4 Qg6 15. g5 Bxc2 16. Nxc2 Qxc2 17. Nxc5 Rxc5 18. gxh6 Qg6+ 19. Kh1 Qe4+ 20. Rf3 Rc7 21. Bd3 Qb4 22. a3 Qe7 23. hxg7 Rf7 24. Bxh7+ Kxh7 25. Rh3+ Kg8 26. Rh8+ Kxg7 27. Qh5 1-0

[Event "45th FIDE Olympiad 2024"]
[Site "Budapest"]
[Date "2024.09.19"]
[Round "8.212"]
[White "Pg. Shahridin, Ak. Abdul Wafie"]
[Black "Kassis, Antoine"]
[Result "0-1"]
[WhiteElo "1912"]
[BlackElo "2085"]
[PlyCount "60"]
[EventDate "2024.09.05"]
[EventType "team-tourn"]
[EventCountry "HUN"]
[WhiteTeam "Brunei Darussalam"]
[BlackTeam "Lebanon"]
[BlackTeamCountry "LBN"]
[TimeControl "40/5400+30:1800+30"]

1. e4 c5 2. Nf3 d6 3. Bb5+ Nc6 4. O-O Bd7 5. Re1 Nf6 6. c3 a6 7. Bf1 Bg4 8. d4 e5 9. d5 Ne7 10. a4 Ng6 11. Bg5 Be7 12. Bxf6 Bxf6 13. Nbd2 O-O 14. a5 Be7 15. h3 Bd7 16. Nc4 f5 17. Nb6 fxe4 18. Nxd7 Qxd7 19. Rxe4 Rf7 20. g3 Qf5 21. Re3 e4 22. g4 Qf6 23. Qc2 exf3 24. Bd3 Qh4 25. Bxg6 hxg6 26. Kh2 Bg5 27. Re4 Bf4+ 28. Rxf4 Rxf4 29. Rg1 Re8 30. Qd2 Re2 {0-} 0-1

[Event "45th FIDE Olympiad 2024"]
[Site "Budapest"]
[Date "2024.09.19"]
[Round "8.213"]
[White "Mfune, Petros"]
[Black "Ahn, Hongjin"]
[Result "0-1"]
[WhiteElo "1986"]
[BlackElo "2251"]
[PlyCount "70"]
[EventDate "2024.09.05"]
[EventType "team-tourn"]
[EventCountry "HUN"]
[WhiteTeam "Malawi"]
[BlackTeam "South Korea"]
[WhiteTeamCountry "MWI"]
[TimeControl "40/5400+30:1800+30"]

1. e4 c5 2. Nf3 Nc6 3. d4 cxd4 4. Nxd4 e5 5. Nb5 d6 6. c4 g6 7. N1c3 a6 8. Na3 Be6 9. Nd5 Bg7 10. Be3 Bxd5 11. cxd5 Nd4 12. Bxd4 exd4 13. Qa4+ b5 14. Qb4 Nf6 15. Bd3 O-O 16. O-O Re8 17. Rfe1 Rc8 18. g3 h5 19. h4 Ng4 20. Kg2 Bh6 21. Re2 Qf6 22. Rd1 Rc5 23. Nc2 Ne5 24. f4 Bxf4 25. Rf2 Qe7 26. Qxd4 Bh6 27. b4 Rc7 28. Re2 Rec8 29. Ne1 Bg7 30. Qb6 Qd7 31. Qxa6 Qg4 32. Rdd2 Bh6 33. Rf2 Bxd2 34. Rxd2 Nxd3 35. Rxd3 Qe2+ {0-} 0-1

[Event "45th FIDE Olympiad 2024"]
[Site "Budapest"]
[Date "2024.09.19"]
[Round "8.214"]
[White "Yun, Hungi"]
[Black "Mwale, Joseph"]
[Result "1-0"]
[WhiteElo "2124"]
[BlackElo "2063"]
[PlyCount "97"]
[EventDate "2024.09.05"]
[EventType "team-tourn"]
[EventCountry "HUN"]
[WhiteTeam "South Korea"]
[BlackTeam "Malawi"]
[BlackTeamCountry "MWI"]
[TimeControl "40/5400+30:1800+30"]

1. e4 e5 2. Nf3 Nc6 3. Bb5 a6 4. Ba4 Nf6 5. O-O b5 6. Bb3 Be7 7. Re1 O-O 8. a4 Na5 9. Nxe5 Nxb3 10. cxb3 Bb7 11. Qc2 d5 12. Nc6 Bxc6 13. Qxc6 Nxe4 14. Nc3 Nc5 15. Nxd5 Bd6 16. Re3 f5 17. d4 Ne4 18. g3 b4 19. Nxb4 Nxf2 20. Kxf2 f4 21. Rf3 fxg3+ 22. hxg3 Rxf3+ 23. Kxf3 Qf8+ 24. Bf4 Bxb4 25. Kg2 Re8 26. Rf1 Qe7 27. Bxc7 Qe2+ 28. Rf2 Qe4+ 29. Qxe4 Rxe4 30. Be5 Re3 31. Rf3 Re2+ 32. Rf2 Re3 33. Rc2 Rxb3 34. Kh3 Ba5 35. Rc6 Bb6 36. Rc8+ Kf7 37. Rb8 Rxb2 38. a5 Bxd4 39. Rxb2 Bxb2 40. Bxb2 g5 41. Kg4 Kg6 42. Bd4 h5+ 43. Kf3 Kf5 44. Bb6 Ke5 45. Bd8 Kf5 46. Be7 g4+ 47. Ke3 Ke6 48. Bh4 Ke5 49. Bd8 1-0

[Event "45th FIDE Olympiad 2024"]
[Site "Budapest"]
[Date "2024.09.19"]
[Round "8.215"]
[White "Chipanga, Chiletso"]
[Black "Lee, Kyungseok"]
[Result "0-1"]
[WhiteElo "2089"]
[BlackElo "2044"]
[PlyCount "96"]
[EventDate "2024.09.05"]
[EventType "team-tourn"]
[EventCountry "HUN"]
[WhiteTeam "Malawi"]
[BlackTeam "South Korea"]
[WhiteTeamCountry "MWI"]
[TimeControl "40/5400+30:1800+30"]

1. e4 c5 2. Nf3 Nc6 3. d4 cxd4 4. Nxd4 e5 5. Nb5 d6 6. c4 g6 7. Be2 a6 8. N5a3 Nf6 9. Nc3 Bg7 10. Nc2 Be6 11. Be3 O-O 12. Qd2 Qc7 13. Rc1 Rac8 14. O-O Ne7 15. Na3 Qc6 16. f3 Nh5 17. Nd5 Rfe8 18. Rfd1 Nf4 19. Bf1 Rcd8 20. g3 Nh5 21. c5 Bxd5 22. exd5 Qd7 23. c6 bxc6 24. dxc6 Nxc6 25. Bxa6 d5 26. Bb5 Re6 27. Qc2 Rc8 28. Qa4 d4 29. Bf2 Nf6 30. Rc4 Bh6 31. f4 exf4 32. Rdxd4 Qe8 33. gxf4 Ng4 34. Rxc6 Rexc6 35. Bxc6 Rxc6 36. Re4 Qc8 37. Nc4 Bf8 38. b3 Nxf2 39. Kxf2 Ra6 40. Qb5 Rxa2+ 41. Kg3 Qd8 42. Ne3 Qd2 43. Ng4 h5 44. Nf6+ Kh8 45. Qf1 Qxh2+ 46. Kf3 Rb2 47. Re3 Qh4 48. Qa6 Qh1+ {0-} 0-1

[Event "45th FIDE Olympiad 2024"]
[Site "Budapest"]
[Date "2024.09.19"]
[Round "8.216"]
[White "Huh, Isaak"]
[Black "Mwale, George"]
[Result "1-0"]
[WhiteElo "2114"]
[BlackElo "2056"]
[PlyCount "93"]
[EventDate "2024.09.05"]
[EventType "team-tourn"]
[EventCountry "HUN"]
[WhiteTeam "South Korea"]
[BlackTeam "Malawi"]
[BlackTeamCountry "MWI"]
[TimeControl "40/5400+30:1800+30"]

1. e4 d5 2. exd5 Qxd5 3. Nc3 Qd8 4. d4 e6 5. Nf3 Nf6 6. Bc4 Be7 7. O-O O-O 8. Qe2 b6 9. Bg5 h6 10. Bxf6 Bxf6 11. Qe4 c6 12. Ne5 Bxe5 13. dxe5 Qe7 14. Bd3 g6 15. Qe3 Kg7 16. Ne4 Nd7 17. Nd6 Nc5 18. Be4 Nxe4 19. Qxe4 Bb7 20. Rad1 Rab8 21. c4 c5 22. Qe2 Bc6 23. f4 f5 24. exf6+ Qxf6 25. g3 Rbd8 26. Rfe1 Bd7 27. Nb7 Rf7 28. Nxd8 Qxd8 29. Qe5+ Qf6 30. Rd6 Qxe5 31. fxe5 Re7 32. Rf1 Be8 33. Rd8 Bf7 34. Rfd1 Be8 35. R1d6 Kf7 36. Rc8 h5 37. a3 g5 38. b4 cxb4 39. axb4 Kg6 40. Rdd8 Kf7 41. b5 Kf8 42. Kf2 Kf7 43. Ke3 Kf8 44. h4 g4 45. Rxe8+ Rxe8 46. Rxe8+ Kxe8 47. Kf4 1-0

[Event "45th FIDE Olympiad 2024"]
[Site "Budapest"]
[Date "2024.09.19"]
[Round "8.217"]
[White "Mehrad, Ahmad Tamim"]
[Black "Razanadrakotoarisoa, Toavina"]
[Result "0-1"]
[WhiteElo "2015"]
[BlackElo "2147"]
[PlyCount "98"]
[EventDate "2024.09.05"]
[EventType "team-tourn"]
[EventCountry "HUN"]
[WhiteTeam "Afghanistan"]
[BlackTeam "Madagascar"]
[WhiteTeamCountry "AFG"]
[BlackTeamCountry "MAD"]
[TimeControl "40/5400+30:1800+30"]

1. Nf3 Nf6 2. g3 d5 3. d4 e6 4. Bg2 Nbd7 5. O-O Be7 6. c3 O-O 7. Nbd2 b6 8. Ne5 Nxe5 9. dxe5 Nd7 10. f4 Ba6 11. Re1 c6 12. Nf3 Rc8 13. Be3 Bc5 14. Nd4 b5 15. Bf2 b4 16. Qd2 bxc3 17. Qxc3 Bb6 18. Qa3 Bb7 19. Rac1 a6 20. Red1 c5 21. Nf3 a5 22. b3 Rc7 23. Qb2 Qa8 24. h4 Rfc8 25. Nd2 Qa7 26. Nb1 c4 27. Bxb6 Qxb6+ 28. Kh2 Nc5 29. Qd4 cxb3 30. axb3 Qxb3 31. Nd2 Qb4 32. Qa1 a4 33. Rb1 Nb3 34. Nxb3 axb3 35. Rd4 Rc4 36. Rd3 Rc3 37. Rxc3 Rxc3 38. Qa7 Rc8 39. Rb2 h6 40. Bf3 Kh7 41. Qa1 Rc3 42. Qb1+ Kg8 43. f5 exf5 44. h5 f4 45. g4 Qb6 46. Kg2 Qe3 47. Qe1 Rc1 48. Qf2 Qc3 49. Qb6 Qe1 {0-} 0-1

[Event "45th FIDE Olympiad 2024"]
[Site "Budapest"]
[Date "2024.09.19"]
[Round "8.218"]
[White "Andrianiaina, Heritiana"]
[Black "Haidary, Hameedullah"]
[Result "0-1"]
[WhiteElo "2149"]
[BlackElo "2192"]
[PlyCount "120"]
[EventDate "2024.09.05"]
[EventType "team-tourn"]
[EventCountry "HUN"]
[WhiteTeam "Madagascar"]
[BlackTeam "Afghanistan"]
[WhiteTeamCountry "MAD"]
[BlackTeamCountry "AFG"]
[TimeControl "40/5400+30:1800+30"]

1. d4 Nf6 2. c4 g6 3. Nc3 Bg7 4. e4 d6 5. Nf3 b6 6. Be2 Bb7 7. Qc2 c5 8. d5 Nbd7 9. O-O O-O 10. Rd1 Ne5 11. Ne1 Ne8 12. f4 Nd7 13. Nf3 a6 14. a4 e6 15. dxe6 fxe6 16. e5 Qe7 17. Qd3 Rd8 18. exd6 Qf6 19. a5 Nb8 20. axb6 Rxd6 21. Qc2 Rxb6 22. Ra5 Rd6 23. Rxc5 Rxd1+ 24. Nxd1 Nc6 25. Be3 Nd6 26. Ne5 Nf5 27. Qc3 Qh4 28. Bf2 Qxf4 29. Nd3 Bxc3 30. Nxf4 Bb4 31. Nxe6 Bxc5 32. Nxc5 Nfd4 33. Bd3 Bc8 34. Be4 Re8 35. b4 Ne2+ 36. Kf1 Ncd4 37. Nc3 Nxc3 38. Bd3 Nc6 39. b5 axb5 40. cxb5 Ne5 41. Bc2 Nxb5 42. Ba4 Nd6 43. Bxe8 Nxe8 44. Bd4 Nc6 45. Ba1 Kf7 46. Kf2 Nf6 47. h3 Bf5 48. Ke3 Nd5+ 49. Kf3 Ncb4 50. g4 Bc2 51. Nd7 Nc6 52. h4 Ke7 53. Nc5 Bd1+ 54. Kg3 Nf6 55. g5 Nh5+ 56. Kh3 Bc2 57. Bc3 Kd6 58. Nb7+ Kd5 59. Na5 Nxa5 60. Bxa5 Ke4 {0-} 0-1

[Event "45th FIDE Olympiad 2024"]
[Site "Budapest"]
[Date "2024.09.19"]
[Round "8.219"]
[White "Kanz, Ahmad Safy"]
[Black "Andriamasoandro, Miora"]
[Result "1-0"]
[WhiteElo "1977"]
[BlackElo "2116"]
[PlyCount "242"]
[EventDate "2024.09.05"]
[EventType "team-tourn"]
[EventCountry "HUN"]
[WhiteTeam "Afghanistan"]
[BlackTeam "Madagascar"]
[WhiteTeamCountry "AFG"]
[BlackTeamCountry "MAD"]
[TimeControl "40/5400+30:1800+30"]

1. c4 Nf6 2. Nc3 g6 3. e4 d6 4. d4 Bg7 5. Nge2 O-O 6. Ng3 e5 7. d5 a5 8. h4 Na6 9. h5 c6 10. Be2 cxd5 11. cxd5 Nc5 12. Be3 Bd7 13. Qd2 b5 14. Bxc5 dxc5 15. Bxb5 Ne8 16. Bxd7 Qxd7 17. b3 Nd6 18. Rc1 c4 19. Na4 Qb5 20. Nc3 Qb4 21. Nb1 Rfc8 22. hxg6 hxg6 23. Rc3 cxb3 24. Rxb3 Rc1+ 25. Ke2 Qc4+ 26. Qd3 Rc2+ 27. Nd2 Qc8 28. f3 Rxa2 29. Rc3 Qd8 30. Ngf1 Qg5 31. Ne3 Rb8 32. Rb1 Rd8 33. Rc2 Ra4 34. Qa6 Bh6 35. Ndf1 f5 36. Rb6 Bf8 37. Rcc6 Ra2+ 38. Kd1 Qe7 39. Nc2 fxe4 40. fxe4 Qf6 41. Nfe3 Ra4 42. Qd3 Qh4 43. Nc4 Nxe4 44. Rxg6+ Kh8 45. Kc1 Bg7 46. Rxg7 Kxg7 47. Rb7+ Kg8 48. d6 Kh8 49. Nxe5 Qf4+ 50. Kb1 Nd2+ 51. Kb2 Qxe5+ 52. Kc1 Nb3+ 53. Qxb3 Rh4 54. d7 Rh1+ 55. Kd2 Rh7 56. Qd3 Rh6 57. Rb5 Qg7 58. Rxa5 Qxg2+ 59. Kc1 Rh1+ 60. Kb2 Qg7+ 61. Qd4 Rxd7 62. Qxg7+ Kxg7 63. Rc5 Rd3 64. Nb4 Rg3 65. Rc3 Rh2+ 66. Kb3 Rgg2 67. Nd3 Kf6 68. Rc6+ Kf5 69. Rc4 Rg3 70. Kc3 Rhh3 71. Rf4+ Ke6 72. Rd4 Rh8 73. Re4+ Kd5 74. Rd4+ Kc6 75. Rc4+ Kb5 76. Rb4+ Ka5 77. Rd4 Rhg8 78. Rd5+ Kb6 79. Rd6+ Kb5 80. Rd5+ Kc6 81. Rc5+ Kd6 82. Rc4 R8g4 83. Rxg4 Rxg4 84. Nf2 Rh4 85. Nd3 Kd5 86. Nb4+ Kc5 87. Nd3+ Kb5 88. Nf2 Kc5 89. Kd3 Kd5 90. Ke3 Ra4 91. Nd1 Ra3+ 92. Kf4 Kd4 93. Nf2 Ra4 94. Ng4 Rb4 95. Nf6 Rb1 96. Kf5 Rg1 97. Ke6 Rg5 98. Kd6 Rf5 99. Ke6 Rg5 100. Kd6 Re5 101. Ng4 Ra5 102. Ke6 Rb5 103. Nf6 Re5+ 104. Kd6 Re1 105. Nd7 Re2 106. Nf6 Re5 107. Ng4 Rh5 108. Nf6 Rg5 109. Ke6 Rb5 110. Nd7 Rb2 111. Kd6 Rb1 112. Ke6 Rb7 113. Kd6 Ra7 114. Ke6 Ra6+ 115. Kf5 Ra5+ 116. Ke6 Rd5 117. Nf6 Rg5 118. Kd6 Kd3 119. Ke6 Kc4 120. Kd6 Ra5 121. Ke6 Kd4 1-0

[Event "45th FIDE Olympiad 2024"]
[Site "Budapest"]
[Date "2024.09.19"]
[Round "8.220"]
[White "Rakotomaharavo, Dylan"]
[Black "Abdul Khaliq, Wais"]
[Result "1-0"]
[WhiteElo "2078"]
[BlackElo "1968"]
[PlyCount "151"]
[EventDate "2024.09.05"]
[EventType "team-tourn"]
[EventCountry "HUN"]
[WhiteTeam "Madagascar"]
[BlackTeam "Afghanistan"]
[WhiteTeamCountry "MAD"]
[BlackTeamCountry "AFG"]
[TimeControl "40/5400+30:1800+30"]

1. e4 c6 2. Nc3 d5 3. Nf3 dxe4 4. Nxe4 Nf6 5. Nxf6+ exf6 6. d4 Bd6 7. Bd3 O-O 8. O-O Re8 9. h3 Be6 10. c3 Nd7 11. Nh4 g6 12. Bd2 f5 13. Nf3 f4 14. Re1 h5 15. c4 Nf8 16. Bc3 Nh7 17. Bf1 Bf5 18. Qb3 Qc7 19. c5 Bf8 20. Bc4 Bg7 21. Ne5 Ng5 22. Rad1 Re7 23. Bd2 Ne6 24. Qc3 Nxd4 25. Bxf4 Rxe5 26. Rxd4 Rxe1+ 27. Qxe1 Qc8 28. Rd2 Be6 29. Bxe6 Qxe6 30. Qxe6 fxe6 31. Rd7 Rf8 32. Be3 Rf7 33. Rd8+ Kh7 34. b3 Bc3 35. Kf1 Kg7 36. Ke2 Bf6 37. Rd6 Re7 38. Kf3 Kf7 39. Ke4 Rc7 40. Bf4 g5 41. Be5 Be7 42. Rd2 Rc8 43. Rd7 Ke8 44. Rxb7 Bxc5 45. Bf6 Bxf2 46. Ke5 g4 47. hxg4 hxg4 48. Kxe6 c5 49. Be7 Rc6+ 50. Bd6 Kd8 51. Rb8+ Rc8 52. Be7+ Kc7 53. Bd6+ Kd8 54. Rxc8+ Kxc8 55. Kd5 a5 56. Bxc5 g3 57. Bd6 a4 58. b4 Kb7 59. b5 Kb6 60. Kc4 Be1 61. Bc5+ Kb7 62. Bb4 Bf2 63. Ba5 Bb6 64. Bxb6 Kxb6 65. Kb4 a3 66. Ka4 Kc5 67. Ka5 Kd4 68. b6 Ke3 69. b7 Kf2 70. b8=Q Kxg2 71. Kb4 Kh1 72. Qh8+ Kg1 73. Kxa3 g2 74. Kb4 Kf2 75. a4 g1=Q 76. Qd4+ 1-0

[Event "45th FIDE Olympiad 2024"]
[Site "Budapest"]
[Date "2024.09.19"]
[Round "8.221"]
[White "Bai, Adelard"]
[Black "Gabriel, Davidson"]
[Result "1-0"]
[WhiteElo "2378"]
[BlackElo "2043"]
[PlyCount "89"]
[EventDate "2024.09.05"]
[EventType "team-tourn"]
[EventCountry "HUN"]
[WhiteTeam "Chinese Taipei"]
[BlackTeam "Haiti"]
[BlackTeamCountry "HAI"]
[TimeControl "40/5400+30:1800+30"]

1. d4 Nf6 2. Nc3 d5 3. Bf4 a6 4. e3 e6 5. Nf3 c5 6. dxc5 Bxc5 7. Bd3 Nc6 8. O-O Nb4 9. Re1 Nxd3 10. cxd3 O-O 11. Rc1 Bd6 12. Bxd6 Qxd6 13. e4 Nd7 14. e5 Qb4 15. Qd2 Qa5 16. a3 Qd8 17. Na4 f6 18. exf6 Rxf6 19. d4 Nf8 20. Ne5 Bd7 21. Nc5 b6 22. Nexd7 Nxd7 23. Nxe6 Rxe6 24. Rxe6 Nf8 25. Rec6 Ra7 26. Rc8 Qf6 27. R1c6 Qf5 28. Re8 h6 29. Rc3 Rf7 30. Rf3 Qd7 31. Rxf7 Kxf7 32. Re5 Ng6 33. Re1 Kg8 34. Qe2 Kh7 35. Qe6 Qb5 36. Qf5 Qxb2 37. h4 Qd2 38. Re6 Qc1+ 39. Kh2 Qf4+ 40. Qxf4 Nxf4 41. Rxb6 Ne2 42. Rxa6 Nxd4 43. a4 Nb3 44. Rb6 Nc5 45. a5 1-0

[Event "45th FIDE Olympiad 2024"]
[Site "Budapest"]
[Date "2024.09.19"]
[Round "8.222"]
[White "Etienne, Angelo"]
[Black "Song, Raymond"]
[Result "0-1"]
[WhiteElo "2122"]
[BlackElo "2503"]
[PlyCount "94"]
[EventDate "2024.09.05"]
[EventType "team-tourn"]
[EventCountry "HUN"]
[WhiteTeam "Haiti"]
[BlackTeam "Chinese Taipei"]
[WhiteTeamCountry "HAI"]
[TimeControl "40/5400+30:1800+30"]

1. Nf3 d5 2. g3 g6 3. c4 dxc4 4. Qa4+ Nc6 5. Qxc4 Bg7 6. Bg2 e5 7. O-O Nge7 8. d3 O-O 9. Nc3 Be6 10. Qa4 h6 11. Bd2 Nd4 12. Qd1 c6 13. Ne1 Kh7 14. e3 Ndf5 15. Ne4 b6 16. a4 Qd7 17. a5 Nd6 18. Bb4 Nxe4 19. Bxe4 c5 20. Bd2 Rad8 21. axb6 axb6 22. Ra3 Bh3 23. Bg2 Bxg2 24. Kxg2 e4 25. Bc3 Bxc3 26. Rxc3 Nd5 27. Ra3 Nb4 28. d4 cxd4 29. Ra4 Nc6 30. exd4 Nxd4 31. Ra1 Qb7 32. Qb1 e3+ 33. f3 Nb3 34. Ra3 Nd2 35. Qa2 Nxf1 36. Ra7 Ra8 37. Rxb7 Rxa2 38. Kxf1 Rxb2 39. Re7 Kg7 40. Rxe3 Ra8 41. h4 Ra1 42. h5 gxh5 43. Re5 Rbb1 44. Kf2 Rxe1 45. Rxe1 Rxe1 46. Kxe1 h4 47. gxh4 Kg6 {0-} 0-1

[Event "45th FIDE Olympiad 2024"]
[Site "Budapest"]
[Date "2024.09.19"]
[Round "8.223"]
[White "Yang, Ching Wei Austin"]
[Black "Volcimus, Ritchy David"]
[Result "1-0"]
[WhiteElo "2121"]
[BlackElo "1948"]
[PlyCount "76"]
[EventDate "2024.09.05"]
[EventType "team-tourn"]
[EventCountry "HUN"]
[WhiteTeam "Chinese Taipei"]
[BlackTeam "Haiti"]
[BlackTeamCountry "HAI"]
[TimeControl "40/5400+30:1800+30"]

1. d4 Nf6 2. c4 e6 3. Nf3 d5 4. Nc3 Be7 5. Bf4 O-O 6. e3 a6 7. c5 Nh5 8. Be5 f6 9. Bg3 Bd7 10. Bd3 Be8 11. Qb3 Ra7 12. Bh4 g6 13. g4 Ng7 14. Bg3 b6 15. cxb6 cxb6 16. h4 Nc6 17. Rc1 f5 18. g5 Na5 19. Qd1 b5 20. Ne2 Nc4 21. b3 Qa5+ 22. Kf1 Nb2 23. Qc2 Nxd3 24. Qxd3 Qxa2 25. Rc2 Qa5 26. Kg2 b4 27. Qd2 Bb5 28. Be5 Qb6 29. Nf4 a5 30. h5 Nxh5 31. Nxh5 gxh5 32. Rxh5 Be8 33. Rh1 a4 34. bxa4 b3 35. Rc3 Rxa4 36. Qb2 Ra3 37. Rc7 Qb4 38. Qd2 Qxd2 1-0

[Event "45th FIDE Olympiad 2024"]
[Site "Budapest"]
[Date "2024.09.19"]
[Round "8.224"]
[White "Guillaume, Jude Mirvens"]
[Black "Wang, Ting-Hao"]
[Result "1/2-1/2"]
[WhiteElo "1956"]
[BlackElo "1842"]
[PlyCount "83"]
[EventDate "2024.09.05"]
[EventType "team-tourn"]
[EventCountry "HUN"]
[WhiteTeam "Haiti"]
[BlackTeam "Chinese Taipei"]
[WhiteTeamCountry "HAI"]
[TimeControl "40/5400+30:1800+30"]

1. d4 d5 2. Bf4 Nf6 3. e3 e6 4. c4 dxc4 5. Bxc4 c5 6. Nf3 Nc6 7. O-O cxd4 8. Nxd4 Nxd4 9. exd4 Bd6 10. Be5 O-O 11. Nc3 a6 12. a4 b6 13. Qf3 Ra7 14. Qg3 Rd7 15. Rad1 Bb7 16. Rfe1 Qc7 17. Bd3 Rfd8 18. Qh3 Bxe5 19. dxe5 Be4 20. exf6 Rxd3 21. Qg4 Bg6 22. fxg7 Kxg7 23. h4 h5 24. Qe2 Rxd1 25. Rxd1 Rxd1+ 26. Qxd1 Qc4 27. g3 b5 28. axb5 axb5 29. Qe2 Qxe2 30. Nxe2 Kf6 31. Nd4 Bd3 32. f3 Ke5 33. Nc6+ Kd6 34. Nb4 Bf5 35. Kf2 Kc5 36. Na2 Kc4 37. Nc1 e5 38. Ke3 f6 39. Kd2 Bd7 40. Ke3 Bf5 41. Kd2 Bd7 42. Ke3 1/2-1/2